Workbook

Sheet GRUPO 1
B1: SECRETARIA DE PARTICIPACION Y DESARROLLO SOCIAL ESTUDIO DE MERCADO
B3: GRUPO 1
B4: ITEMS | C4: DESCRIPCIÓN | D4: TIEMPO MESES | E4: HOGAR SAN PEDRO CLAVER | F4: FUND. DONES DE MISERICORDIA. | G4: REFUGIO LA MILAGROSA | H4: FUNDACIÓN MIL AÑOS DORADOS | I4: PROMEDIO MENSUAL | J4: TIEMPO MESES | K4: No ATENCIÓN AL MES | L4: VALOR TOTAL GRUPO No. 1 | M4: VALOR TOTAL GRUPO No. 1 | N4: 80% APORTE DEL DISTRITO | O4: 80% APORTE DEL DISTRITO | P4: 20% APORTE DE LA ESAL | Q4: 20% APORTE DE LA ESAL
E5: VALOR UNITARIO | F5: VALOR UNITARIO | G5: VALOR UNITARIO | H5: VALOR UNITARIO | I5: VALOR UNITARIO
B6: 1 | C6: ALOJAMIENTO | D6: 1 | E6: 105000 | F6: 66041 | G6: 188876.38 | H6: 103979 | I6: =AVERAGE(E6,F6,G6,H6) -> 115974.1 | J6: 4.5 | K6: 40 | L6: =I6*J6*K6 -> 20875337 | M6: =ROUND(L6,0) -> 20875337 | N6: =L6*80% -> 16700270 | O6: =ROUND(N6,0) -> 16700270 | P6: =L6*20% -> 4175067.4 | Q6: =ROUNDUP(P6,0) -> 4175068
B7: 2 | C7: RECURSOS HUMANOS | D7: 1 | E7: 1660000 | F7: 2179342 | G7: 2179342.8 | H7: 1615332 | I7: =AVERAGE(E7,F7,G7,H7) -> 1908504.2 | J7: 4.5 | K7: 40 | L7: =I7*J7*K7 -> 3.4353076e+08 | M7: =ROUND(L7,0) -> 343530756 | N7: =L7*80% -> 2.748246e+08 | O7: =ROUND(N7,0) -> 274824604 | P7: =L7*20% -> 68706151 | Q7: =ROUND(P7,0) -> 68706151
B8: 3 | C8: ELEMENTOS DE ASEO PERSONAL | D8: 1 | E8: 55000 | F8: 66041 | G8: 25095.46 | H8: 53057 | I8: =AVERAGE(E8,F8,G8,H8) -> 49798.365 | J8: 4.5 | K8: 40 | L8: =I8*J8*K8 -> 8963705.7 | M8: =ROUND(L8,0) -> 8963706 | N8: =L8*80% -> 7170964.6 | O8: =ROUNDDOWN(N8,0) -> 7170964 | P8: =L8*20% -> 1792741.1 | Q8: =ROUND(P8,0) -> 1792741
B9: 4 | C9: ALIMENTACIÓN | D9: 1 | E9: 600000 | F9: 660407 | G9: 429264.49 | H9: 570413 | I9: =AVERAGE(E9,F9,G9,H9) -> 565021.12 | J9: 4.5 | K9: 40 | L9: =I9*J9*K9 -> 1.017038e+08 | M9: =ROUND(L9,0) -> 101703802 | N9: =L9*80% -> 81363042 | O9: =ROUND(N9,0) -> 81363042 | P9: =L9*20% -> 20340760 | Q9: =ROUNDUP(P9,0) -> 20340761
B10: 5 | C10: VESTIARIO Y CALZADO | D10: 1 | E10: 40000 | F10: 39624 | G10: 35001.57 | H10: 38469 | I10: =AVERAGE(E10,F10,G10,H10) -> 38273.643 | J10: 4.5 | K10: 40 | L10: =I10*J10*K10 -> 6889255.7 | M10: =ROUND(L10,0) -> 6889256 | N10: =L10*80% -> 5511404.5 | O10: =ROUND(N10,0) -> 5511405 | P10: =L10*20% -> 1377851.1 | Q10: =ROUND(P10,0) -> 1377851
B11: 6 | C11: TRANSPORTE ADULTOS MAYOR. | D11: 1 | E11: 70000 | F11: 59437 | G11: 15189.36 | H11: 60451 | I11: =AVERAGE(E11,F11,G11,H11) -> 51269.34 | J11: 4.5 | K11: 40 | L11: =I11*J11*K11 -> 9228481.2 | M11: =ROUND(L11,0) -> 9228481 | N11: =L11*80% -> 7382785 | O11: =ROUND(N11,0) -> 7382785 | P11: =L11*20% -> 1845696.2 | Q11: =ROUND(P11,0) -> 1845696
B12: 7 | C12: GASTOS DE ADMINISTRACIÓN | D12: 1 | E12: 900000 | F12: 231142 | G12: 429264.49 | H12: 855637 | I12: =AVERAGE(E12,F12,G12,H12) -> 604010.87 | J12: 4.5 | K12: 40 | L12: =I12*J12*K12 -> 1.0872196e+08 | M12: =ROUND(L12,0) -> 108721957 | N12: =L12*80% -> 86977566 | O12: =ROUND(N12,0) -> 86977566 | P12: =L12*20% -> 21744391 | Q12: =ROUND(P12,0) -> 21744391
B13: TOTALES | E13: =SUM(E6:E12) -> 3430000 | F13: =SUM(F6:F12) -> 3302034 | G13: =SUM(G6:G12) -> 3302034.5 | H13: =SUM(H6:H12) -> 3297338 | I13: =SUM(I6:I12) -> 3332851.6 | L13: =SUM(L6:L12) -> 5.9991329e+08 | M13: =SUM(M6:M12) -> 599913295 | N13: =SUM(N6:N12) -> 4.7993064e+08 | O13: =SUM(O6:O12) -> 479930636 | P13: =SUM(P6:P12) -> 1.1998266e+08 | Q13: =SUM(Q6:Q12) -> 119982659
B14: * | C14: El valor promedio por dia de un adulto mayor queda en $111,095,06 y el mes en $3,332,852. | N14: =L14*80% -> 0 | P14: =L14*20% -> 0 | Q14: =M14*20% -> 0
B16: * | C16: Aporte del Distrito hasta 80% | H16: =O13 -> 479930636
B17: * | C17: Aporte mínimo de la ESAL 20% | H17: =Q13 -> 119982659
B18: * | C18: Valor Total Proyectado para el Convenio Grupo No. 1 | H18: =H16+H17 -> 599913295
B21: DAVID E. TAPIA NARVAEZ
B22: Asesor Financiero Externo.
B23: 29 enero de 2024
F26: 3332852 | H26: 30 | I26: =F26/H26 -> 111095.07

Sheet GRUPO 2
B1: SECRETARIA DE PARTICIPACION Y DESARROLLO SOCIAL ESTUDIO DE MERCADO
B3: GRUPO 2
B4: ITEMS | C4: DESCRIPCIÓN | D4: TIEMPO MESES | E4: HOGAR SAN PEDRO CLAVER | F4: FUND. DONES DE MISERICORDIA. | G4: REFUGIO LA MILAGROSA | H4: FUNDACIÓN MIL AÑOS DORADOS | I4: PROMEDIO MENSUAL | J4: TIEMPO MESES | K4: No ATENCIÓN AL MES | L4: VALOR TOTAL GRUPO No 2 | M4: VALOR TOTAL GRUPO No 2 | N4: 80% APORTE DEL DISTRITO | O4: 80% APORTE DEL DISTRITO | P4: 20% APORTE DE LA ESAL | Q4: 20% APORTE DE LA ESAL
E5: VALOR UNITARIO | F5: VALOR UNITARIO | G5: VALOR UNITARIO | H5: VALOR UNITARIO | I5: VALOR UNITARIO
B6: 1 | C6: ALOJAMIENTO | D6: 1 | E6: 105000 | F6: 66041 | G6: 188876.38 | H6: 103979 | I6: =AVERAGE(E6,F6,G6,H6) -> 115974.1 | J6: 4.5 | K6: 34 | L6: =I6*J6*K6 -> 17744037 | M6: =ROUND(L6,0) -> 17744037 | N6: =L6*80% -> 14195229 | O6: =ROUND(N6,0) -> 14195229 | P6: =L6*20% -> 3548807.3 | Q6: =ROUND(P6,0) -> 3548807
B7: 2 | C7: RECURSOS HUMANOS | D7: 1 | E7: 1660000 | F7: 2179342 | G7: 2179342.8 | H7: 1615332 | I7: =AVERAGE(E7,F7,G7,H7) -> 1908504.2 | J7: 4.5 | K7: 34 | L7: =I7*J7*K7 -> 2.9200114e+08 | M7: =ROUND(L7,0) -> 292001142 | N7: =L7*80% -> 2.3360091e+08 | O7: =ROUND(N7,0) -> 233600914 | P7: =L7*20% -> 58400228 | Q7: =ROUND(P7,0) -> 58400228
B8: 3 | C8: ELEMENTOS DE ASEO PERSONAL | D8: 1 | E8: 55000 | F8: 66041 | G8: 25095.46 | H8: 53057 | I8: =AVERAGE(E8,F8,G8,H8) -> 49798.365 | J8: 4.5 | K8: 34 | L8: =I8*J8*K8 -> 7619149.8 | M8: =ROUND(L8,0) -> 7619150 | N8: =L8*80% -> 6095319.9 | O8: =ROUND(N8,0) -> 6095320 | P8: =L8*20% -> 1523830 | Q8: =ROUND(P8,0) -> 1523830
B9: 4 | C9: ALIMENTACIÓN | D9: 1 | E9: 600000 | F9: 660407 | G9: 429264.49 | H9: 570413 | I9: =AVERAGE(E9,F9,G9,H9) -> 565021.12 | J9: 4.5 | K9: 34 | L9: =I9*J9*K9 -> 86448232 | M9: =ROUND(L9,0) -> 86448232 | N9: =L9*80% -> 69158585 | O9: =ROUND(N9,0) -> 69158585 | P9: =L9*20% -> 17289646 | Q9: =ROUND(P9,0) -> 17289646
B10: 5 | C10: VESTIARIO Y CALZADO | D10: 1 | E10: 40000 | F10: 39624 | G10: 35001.57 | H10: 38469 | I10: =AVERAGE(E10,F10,G10,H10) -> 38273.643 | J10: 4.5 | K10: 34 | L10: =I10*J10*K10 -> 5855867.3 | M10: =ROUND(L10,0) -> 5855867 | N10: =L10*80% -> 4684693.8 | O10: =ROUND(N10,0) -> 4684694 | P10: =L10*20% -> 1171173.5 | Q10: =ROUNDUP(P10,0) -> 1171174
B11: 6 | C11: TRANSPORTE ADULTOS MAYOR. | D11: 1 | E11: 70000 | F11: 59437 | G11: 15189.36 | H11: 60451 | I11: =AVERAGE(E11,F11,G11,H11) -> 51269.34 | J11: 4.5 | K11: 34 | L11: =I11*J11*K11 -> 7844209 | M11: =ROUND(L11,0) -> 7844209 | N11: =L11*80% -> 6275367.2 | O11: =ROUND(N11,0) -> 6275367 | P11: =L11*20% -> 1568841.8 | Q11: =ROUND(P11,0) -> 1568842
B12: 7 | C12: GASTOS DE ADMINISTRACIÓN | D12: 1 | E12: 900000 | F12: 231142 | G12: 429264.49 | H12: 855637 | I12: =AVERAGE(E12,F12,G12,H12) -> 604010.87 | J12: 4.5 | K12: 34 | L12: =I12*J12*K12 -> 92413663 | M12: =ROUND(L12,0) -> 92413663 | N12: =L12*80% -> 73930931 | O12: =ROUND(N12,0) -> 73930931 | P12: =L12*20% -> 18482733 | Q12: =ROUND(P12,0) -> 18482733
B13: TOTALES | E13: =SUM(E6:E12) -> 3430000 | F13: =SUM(F6:F12) -> 3302034 | G13: =SUM(G6:G12) -> 3302034.5 | H13: =SUM(H6:H12) -> 3297338 | I13: =SUM(I6:I12) -> 3332851.6 | L13: =SUM(L6:L12) -> 5.099263e+08 | M13: =SUM(M6:M12) -> 509926300 | N13: =SUM(N6:N12) -> 4.0794104e+08 | O13: =SUM(O6:O12) -> 407941040 | P13: =SUM(P6:P12) -> 1.0198526e+08 | Q13: =SUM(Q6:Q12) -> 101985260
B14: * | C14: El valor promedio por dia de un adulto mayor queda en $111,095,06 y el mes en $3,332,852.
B16: * | C16: Aporte del Distrito hasta 80% | H16: =O13 -> 407941040
B17: * | C17: Aporte mínimo de la ESAL 20% | H17: =Q13 -> 101985260
B18: * | C18: Valor Total Proyectado para el Convenio Grupo No. 2 | H18: =H16+H17 -> 509926300

Sheet GRUPO 3
A1: SECRETARIA DE PARTICIPACION Y DESARROLLO SOCIAL ESTUDIO DE MERCADO
A3: GRUPO 3
A4: ITEMS | B4: DESCRIPCIÓN | C4: TIEMPO MESES | D4: HOGAR SAN PEDRO CLAVER | E4: FUND. DONES DE MISERICORDIA. | F4: REFUGIO LA MILAGROSA | G4: FUNDACIÓN MIL AÑOS DORADOS | H4: PROMEDIO MENSUAL | I4: TIEMPO MESES | J4: No ATENCIÓN AL MES | K4: VALOR TOTAL GRUPO No. 3 | L4: VALOR TOTAL GRUPO No. 3 | M4: 80% APORTE DEL DISTRITO | N4: 80% APORTE DEL DISTRITO | O4: 20% APORTE DE LA ESAL | P4: 20% APORTE DE LA ESAL
D5: VALOR UNITARIO | E5: VALOR UNITARIO | F5: VALOR UNITARIO | G5: VALOR UNITARIO | H5: VALOR UNITARIO
A6: 1 | B6: ALOJAMIENTO | C6: 1 | D6: 105000 | E6: 66041 | F6: 188876.38 | G6: 103979 | H6: =AVERAGE(D6,E6,F6,G6) -> 115974.1 | I6: 4.5 | J6: 20 | K6: =H6*I6*J6 -> 10437669 | L6: =ROUND(K6,0) -> 10437669 | M6: =K6*80% -> 8350134.8 | N6: =ROUND(M6,0) -> 8350135 | O6: =K6*20% -> 2087533.7 | P6: =ROUND(O6,0) -> 2087534
A7: 2 | B7: RECURSOS HUMANOS | C7: 1 | D7: 1660000 | E7: 2179342 | F7: 2179342.8 | G7: 1615332 | H7: =AVERAGE(D7,E7,F7,G7) -> 1908504.2 | I7: 4.5 | J7: 20 | K7: =H7*I7*J7 -> 1.7176538e+08 | L7: =ROUND(K7,0) -> 171765378 | M7: =K7*80% -> 1.374123e+08 | N7: =ROUND(M7,0) -> 137412302 | O7: =K7*20% -> 34353076 | P7: =ROUNDDOWN(O7,0) -> 34353075
A8: 3 | B8: ELEMENTOS DE ASEO PERSONAL | C8: 1 | D8: 55000 | E8: 66041 | F8: 25095.46 | G8: 53057 | H8: =AVERAGE(D8,E8,F8,G8) -> 49798.365 | I8: 4.5 | J8: 20 | K8: =H8*I8*J8 -> 4481852.8 | L8: =ROUND(K8,0) -> 4481853 | M8: =K8*80% -> 3585482.3 | N8: =ROUNDUP(M8,0) -> 3585483 | O8: =K8*20% -> 896370.57 | P8: =ROUNDDOWN(O8,0) -> 896370
A9: 4 | B9: ALIMENTACIÓN | C9: 1 | D9: 600000 | E9: 660407 | F9: 429264.49 | G9: 570413 | H9: =AVERAGE(D9,E9,F9,G9) -> 565021.12 | I9: 4.5 | J9: 20 | K9: =H9*I9*J9 -> 50851901 | L9: =ROUND(K9,0) -> 50851901 | M9: =K9*80% -> 40681521 | N9: =ROUND(M9,0) -> 40681521 | O9: =K9*20% -> 10170380 | P9: =ROUND(O9,0) -> 10170380
A10: 5 | B10: VESTIARIO Y CALZADO | C10: 1 | D10: 40000 | E10: 39624 | F10: 35001.57 | G10: 38469 | H10: =AVERAGE(D10,E10,F10,G10) -> 38273.643 | I10: 4.5 | J10: 20 | K10: =H10*I10*J10 -> 3444627.8 | L10: =ROUND(K10,0) -> 3444628 | M10: =K10*80% -> 2755702.3 | N10: =ROUND(M10,0) -> 2755702 | O10: =K10*20% -> 688925.57 | P10: =ROUND(O10,0) -> 688926
A11: 6 | B11: TRANSPORTE ADULTOS MAYOR. | C11: 1 | D11: 70000 | E11: 59437 | F11: 15189.36 | G11: 60451 | H11: =AVERAGE(D11,E11,F11,G11) -> 51269.34 | I11: 4.5 | J11: 20 | K11: =H11*I11*J11 -> 4614240.6 | L11: =ROUND(K11,0) -> 4614241 | M11: =K11*80% -> 3691392.5 | N11: =ROUNDUP(M11,0) -> 3691393 | O11: =K11*20% -> 922848.12 | P11: =ROUNDUP(O11,0) -> 922849
A12: 7 | B12: GASTOS DE ADMINISTRACIÓN | C12: 1 | D12: 900000 | E12: 231142 | F12: 429264.49 | G12: 855637 | H12: =AVERAGE(D12,E12,F12,G12) -> 604010.87 | I12: 4.5 | J12: 20 | K12: =H12*I12*J12 -> 54360979 | L12: =ROUND(K12,0) -> 54360979 | M12: =K12*80% -> 43488783 | N12: =ROUND(M12,0) -> 43488783 | O12: =K12*20% -> 10872196 | P12: =ROUNDUP(O12,0) -> 10872196
A13: TOTALES | D13: =SUM(D6:D12) -> 3430000 | E13: =SUM(E6:E12) -> 3302034 | F13: =SUM(F6:F12) -> 3302034.5 | G13: =SUM(G6:G12) -> 3297338 | H13: =SUM(H6:H12) -> 3332851.6 | K13: =SUM(K6:K12) -> 2.9995665e+08 | L13: =SUM(L6:L12) -> 299956649 | M13: =SUM(M6:M12) -> 2.3996532e+08 | N13: =SUM(N6:N12) -> 239965319 | O13: =SUM(O6:O12) -> 59991329 | P13: =SUM(P6:P12) -> 59991330
A14: * | B14: El valor promedio por dia de un adulto mayor queda en $111,095,06 y el mes en $3,332,852.
A16: * | B16: Aporte del Distrito hasta 80% | G16: =N13 -> 239965319
A17: * | B17: Aporte mínimo de la ESAL 20% | G17: =P13 -> 59991330
A18: * | B18: Valor Total Proyectado para el Convenio Grupo No. 3 | G18: =G16+G17 -> 299956649

Sheet GRUPO 4
A1: SECRETARIA DE PARTICIPACION Y DESARROLLO SOCIAL ESTUDIO DE MERCADO
A3: GRUPO 4
A4: ITEMS | B4: DESCRIPCIÓN | C4: TIEMPO MESES | D4: HOGAR SAN PEDRO CLAVER | E4: FUND. DONES DE MISERICORDIA. | F4: REFUGIO LA MILAGROSA | G4: FUNDACIÓN MIL AÑOS DORADOS | H4: PROMEDIO MENSUAL | I4: TIEMPO MESES | J4: No ATENCIÓN AL MES | K4: VALOR TOTAL GRUPO No. 4 | L4: VALOR TOTAL GRUPO No. 4 | M4: 80% APORTE DEL DISTRITO | N4: 80% APORTE DEL DISTRITO | O4: 20% APORTE DE LA ESAL | P4: 20% APORTE DE LA ESAL
D5: VALOR UNITARIO | E5: VALOR UNITARIO | F5: VALOR UNITARIO | G5: VALOR UNITARIO | H5: VALOR UNITARIO
A6: 1 | B6: ALOJAMIENTO | C6: 1 | D6: 105000 | E6: 66041 | F6: 188876.38 | G6: 103979 | H6: =AVERAGE(D6,E6,F6,G6) -> 115974.1 | I6: 4.5 | J6: 26 | K6: =H6*I6*J6 -> 13568969 | L6: =ROUND(K6,0) -> 13568969 | M6: =K6*80% -> 10855175 | N6: =ROUND(M6,0) -> 10855175 | O6: =K6*20% -> 2713793.8 | P6: =ROUND(O6,0) -> 2713794
A7: 2 | B7: RECURSOS HUMANOS | C7: 1 | D7: 1660000 | E7: 2179342 | F7: 2179342.8 | G7: 1615332 | H7: =AVERAGE(D7,E7,F7,G7) -> 1908504.2 | I7: 4.5 | J7: 26 | K7: =H7*I7*J7 -> 2.2329499e+08 | L7: =ROUND(K7,0) -> 223294991 | M7: =K7*80% -> 1.7863599e+08 | N7: =ROUND(M7,0) -> 178635993 | O7: =K7*20% -> 44658998 | P7: =ROUND(O7,0) -> 44658998
A8: 3 | B8: ELEMENTOS DE ASEO PERSONAL | C8: 1 | D8: 55000 | E8: 66041 | F8: 25095.46 | G8: 53057 | H8: =AVERAGE(D8,E8,F8,G8) -> 49798.365 | I8: 4.5 | J8: 26 | K8: =H8*I8*J8 -> 5826408.7 | L8: =ROUND(K8,0) -> 5826409 | M8: =K8*80% -> 4661127 | N8: =ROUND(M8,0) -> 4661127 | O8: =K8*20% -> 1165281.7 | P8: =ROUND(O8,0) -> 1165282
A9: 4 | B9: ALIMENTACIÓN | C9: 1 | D9: 600000 | E9: 660407 | F9: 429264.49 | G9: 570413 | H9: =AVERAGE(D9,E9,F9,G9) -> 565021.12 | I9: 4.5 | J9: 26 | K9: =H9*I9*J9 -> 66107471 | L9: =ROUND(K9,0) -> 66107471 | M9: =K9*80% -> 52885977 | N9: =ROUND(M9,0) -> 52885977 | O9: =K9*20% -> 13221494 | P9: =ROUND(O9,0) -> 13221494
A10: 5 | B10: VESTIARIO Y CALZADO | C10: 1 | D10: 40000 | E10: 39624 | F10: 35001.57 | G10: 38469 | H10: =AVERAGE(D10,E10,F10,G10) -> 38273.643 | I10: 4.5 | J10: 26 | K10: =H10*I10*J10 -> 4478016.2 | L10: =ROUND(K10,0) -> 4478016 | M10: =K10*80% -> 3582412.9 | N10: =ROUND(M10,0) -> 3582413 | O10: =K10*20% -> 895603.23 | P10: =ROUND(O10,0) -> 895603
A11: 6 | B11: TRANSPORTE ADULTOS MAYOR. | C11: 1 | D11: 70000 | E11: 59437 | F11: 15189.36 | G11: 60451 | H11: =AVERAGE(D11,E11,F11,G11) -> 51269.34 | I11: 4.5 | J11: 26 | K11: =H11*I11*J11 -> 5998512.8 | L11: =ROUND(K11,0) -> 5998513 | M11: =K11*80% -> 4798810.2 | N11: =ROUND(M11,0) -> 4798810 | O11: =K11*20% -> 1199702.6 | P11: =ROUND(O11,0) -> 1199703
A12: 7 | B12: GASTOS DE ADMINISTRACIÓN | C12: 1 | D12: 900000 | E12: 231142 | F12: 429264.49 | G12: 855637 | H12: =AVERAGE(D12,E12,F12,G12) -> 604010.87 | I12: 4.5 | J12: 26 | K12: =H12*I12*J12 -> 70669272 | L12: =ROUND(K12,0) -> 70669272 | M12: =K12*80% -> 56535418 | N12: =ROUND(M12,0) -> 56535418 | O12: =K12*20% -> 14133854 | P12: =ROUND(O12,0) -> 14133854
A13: TOTALES | D13: =SUM(D6:D12) -> 3430000 | E13: =SUM(E6:E12) -> 3302034 | F13: =SUM(F6:F12) -> 3302034.5 | G13: =SUM(G6:G12) -> 3297338 | H13: =SUM(H6:H12) -> 3332851.6 | K13: =SUM(K6:K12) -> 3.8994364e+08 | L13: =SUM(L6:L12) -> 389943641 | M13: =SUM(M6:M12) -> 3.1195491e+08 | N13: =SUM(N6:N12) -> 311954913 | O13: =SUM(O6:O12) -> 77988728 | P13: =SUM(P6:P12) -> 77988728
A14: * | B14: El valor promedio por dia de un adulto mayor queda en $111,095,06 y el mes en $3,332,852.
A16: * | B16: Aporte del Distrito hasta 80% | G16: =N13 -> 311954913
A17: * | B17: Aporte mínimo de la ESAL 20% | G17: =P13 -> 77988728
A18: * | B18: Valor Total Proyectado para el Convenio Grupo No. 4 | G18: =G16+G17 -> 389943641

Sheet RESUMEN
B1: SECRETARIA DE PARTICIPACION Y DESARROLLO SOCIAL ESTUDIO DE MERCADO
B3: OBJETO: “AUNAR ESFUERZOS TÉCNICOS, ADMINISTRATIVOS Y FINANCIEROS PARA GENERAR ASISTENCIA INTEGRAL A LOS ADULTOS MAYORES EN CONDICIÓN DE VULNERABILIDAD DEL DISTRITO DE CARTAGENA, EN EL MARCO DEL PROYECTO DE INVERSIÓN DENOMINADO "APOYO PARA LA ATENCIÓN INTEGRAL AL ADULTO MAYOR EN ESTADO DE ABANDONO MALTRATO Y SITUACIÓN DE CALLE EN EL DISTRITO DE CARTAGENA DE INDIAS", DE LA SECRETARIA DE PARTICIPACIÓN Y DESARROLLO SOCIAL”.
B4: GRUPO | C4: CANTIDAD MAXIMA DE CUPOS | D4: TIEMPO EN MESES | E4: VALOR UNITARIO | F4: VALOR POR CONVENIO | G4: APORTE DEL DISTRITO 80% | H4: APORTE DE LA ESAL 20%
B5: 1 | C5: 40 | D5: 4.5 | E5: ='ESTUDIO DE MERCADO'!I13 -> 3332851.6 | F5: ='GRUPO 1'!M13 -> 599913295 | G5: =F5*80% -> 479930636 | H5: =F5*20% -> 119982659
B6: 2 | C6: 34 | D6: 4.5 | E6: ='ESTUDIO DE MERCADO'!I13 -> 3332851.6 | F6: ='GRUPO 2'!M13 -> 509926300 | G6: =F6*80% -> 407941040 | H6: =F6*20% -> 101985260
B7: 3 | C7: 20 | D7: 4.5 | E7: ='ESTUDIO DE MERCADO'!I13 -> 3332851.6 | F7: ='GRUPO 3'!L13 -> 299956649 | G7: =F7*80% -> 2.3996532e+08 | H7: =F7*20% -> 59991330
B8: 4 | C8: 26 | D8: 4.5 | E8: ='ESTUDIO DE MERCADO'!I13 -> 3332851.6 | F8: ='GRUPO 4'!L13 -> 389943641 | G8: =F8*80% -> 3.1195491e+08 | H8: =F8*20% -> 77988728
B9: VALOR TOTAL | F9: =SUM(F5:F8) -> 1799739885 | G9: =F9*80% -> 1439791908 | H9: =F9*20% -> 359947977
B14: DAVID E. TAPIA NARVAEZ
B15: Asesor Financiero Externo.
B16: 25 enero de 2024

Sheet ESTUDIO DE MERCADO
B1: SECRETARIA DE PARTICIPACION Y DESARROLLO SOCIAL ESTUDIO DE MERCADO
B3: OBJETO: “AUNAR ESFUERZOS TÉCNICOS, ADMINISTRATIVOS Y FINANCIEROS PARA GENERAR ASISTENCIA INTEGRAL A LOS ADULTOS MAYORES EN CONDICIÓN DE VULNERABILIDAD DEL DISTRITO DE CARTAGENA, EN EL MARCO DEL PROYECTO DE INVERSIÓN DENOMINADO "APOYO PARA LA ATENCIÓN INTEGRAL AL ADULTO MAYOR EN ESTADO DE ABANDONO MALTRATO Y SITUACIÓN DE CALLE EN EL DISTRITO DE CARTAGENA DE INDIAS", DE LA SECRETARIA DE PARTICIPACIÓN Y DESARROLLO SOCIAL”.
B4: ITEMS | C4: DESCRIPCIÓN | D4: TIEMPO MESES | E4: HOGAR SAN PEDRO CLAVER | F4: FUND. DONES DE MISERICORDIA. | G4: REFUGIO LA MILAGROSA | H4: FUNDACIÓN MIL AÑOS DORADOS | I4: PROMEDIO MENSUAL | J4: TIEMPO MESES | K4: HOGAR SAN PEDRO CLAVER | L4: HOGAR SAN PEDRO CLAVER | M4: FUND. DONES DE MISERICORDIA. | N4: FUND. DONES DE MISERICORDIA. | O4: REFUGIO LA MILAGROSA | P4: REFUGIO LA MILAGROSA | Q4: FUNDACIÓN MIS AÑOS DORADOS | R4: FUNDACIÓN MIS AÑOS DORADOS | S4: VALORES TOTALES
E5: VALOR UNITARIO | F5: VALOR UNITARIO | G5: VALOR UNITARIO | H5: VALOR UNITARIO | I5: VALOR UNITARIO | K5: GRUPO 1 = 40 CUPOS | L5: GRUPO 1 = 40 CUPOS | M5: GRUPO 2 = 34 CUPOS | N5: GRUPO 2 = 34 CUPOS | O5: GRUPO 3 = 20 CUPOS | P5: GRUPO 3 = 20 CUPOS | Q5: GRUPO 4 = 26 CUPOS | R5: GRUPO 4 = 26 CUPOS
B6: 1 | C6: ALOJAMIENTO | D6: 1 | E6: 105000 | F6: 66041 | G6: 188876.38 | H6: 103979 | I6: =AVERAGE(E6,F6,G6,H6) -> 115974.1 | J6: 4.5 | K6: =I6*40*J6 -> 20875337 | L6: =ROUND(K6,0) -> 20875337 | M6: =I6*34*J6 -> 17744037 | N6: =ROUND(M6,0) -> 17744037 | O6: =I6*20*J6 -> 10437669 | P6: =ROUND(O6,0) -> 10437669 | Q6: =I6*26*J6 -> 13568969 | R6: =ROUND(Q6,0) -> 13568969 | S6: =L6+N6+P6+R6 -> 62626012
B7: 2 | C7: RECURSOS HUMANOS | D7: 1 | E7: 1660000 | F7: 2179342 | G7: 2179342.8 | H7: 1615332 | I7: =AVERAGE(E7,F7,G7,H7) -> 1908504.2 | J7: 4.5 | K7: =I7*40*J7 -> 3.4353076e+08 | L7: =ROUND(K7,0) -> 343530756 | M7: =I7*34*J7 -> 2.9200114e+08 | N7: =ROUND(M7,0) -> 292001142 | O7: =I7*20*J7 -> 1.7176538e+08 | P7: =ROUND(O7,0) -> 171765378 | Q7: =I7*26*J7 -> 2.2329499e+08 | R7: =ROUND(Q7,0) -> 223294991 | S7: =L7+N7+P7+R7 -> 1030592267
B8: 3 | C8: ELEMENTOS DE ASEO PERSONAL | D8: 1 | E8: 55000 | F8: 66041 | G8: 25095.46 | H8: 53057 | I8: =AVERAGE(E8,F8,G8,H8) -> 49798.365 | J8: 4.5 | K8: =I8*40*J8 -> 8963705.7 | L8: =ROUND(K8,0) -> 8963706 | M8: =I8*34*J8 -> 7619149.8 | N8: =ROUND(M8,0) -> 7619150 | O8: =I8*20*J8 -> 4481852.8 | P8: =ROUND(O8,0) -> 4481853 | Q8: =I8*26*J8 -> 5826408.7 | R8: =ROUND(Q8,0) -> 5826409 | S8: =L8+N8+P8+R8 -> 26891118
B9: 4 | C9: ALIMENTACIÓN | D9: 1 | E9: 600000 | F9: 660407 | G9: 429264.49 | H9: 570413 | I9: =AVERAGE(E9,F9,G9,H9) -> 565021.12 | J9: 4.5 | K9: =I9*40*J9 -> 1.017038e+08 | L9: =ROUND(K9,0) -> 101703802 | M9: =I9*34*J9 -> 86448232 | N9: =ROUND(M9,0) -> 86448232 | O9: =I9*20*J9 -> 50851901 | P9: =ROUND(O9,0) -> 50851901 | Q9: =I9*26*J9 -> 66107471 | R9: =ROUND(Q9,0) -> 66107471 | S9: =L9+N9+P9+R9 -> 305111406
B10: 5 | C10: VESTIARIO Y CALZADO | D10: 1 | E10: 40000 | F10: 39624 | G10: 35001.57 | H10: 38469 | I10: =AVERAGE(E10,F10,G10,H10) -> 38273.643 | J10: 4.5 | K10: =I10*40*J10 -> 6889255.7 | L10: =ROUND(K10,0) -> 6889256 | M10: =I10*34*J10 -> 5855867.3 | N10: =ROUND(M10,0) -> 5855867 | O10: =I10*20*J10 -> 3444627.8 | P10: =ROUND(O10,0) -> 3444628 | Q10: =I10*26*J10 -> 4478016.2 | R10: =ROUND(Q10,0) -> 4478016 | S10: =L10+N10+P10+R10 -> 20667767
B11: 6 | C11: TRANSPORTE ADULTOS MAYOR. | D11: 1 | E11: 70000 | F11: 59437 | G11: 15189.36 | H11: 60451 | I11: =AVERAGE(E11,F11,G11,H11) -> 51269.34 | J11: 4.5 | K11: =I11*40*J11 -> 9228481.2 | L11: =ROUND(K11,0) -> 9228481 | M11: =I11*34*J11 -> 7844209 | N11: =ROUND(M11,0) -> 7844209 | O11: =I11*20*J11 -> 4614240.6 | P11: =ROUND(O11,0) -> 4614241 | Q11: =I11*26*J11 -> 5998512.8 | R11: =ROUND(Q11,0) -> 5998513 | S11: =L11+N11+P11+R11 -> 27685444
B12: 7 | C12: GASTOS DE ADMINISTRACIÓN | D12: 1 | E12: 900000 | F12: 231142 | G12: 429264.49 | H12: 855637 | I12: =AVERAGE(E12,F12,G12,H12) -> 604010.87 | J12: 4.5 | K12: =I12*40*J12 -> 1.0872196e+08 | L12: =ROUND(K12,0) -> 108721957 | M12: =I12*34*J12 -> 92413663 | N12: =ROUND(M12,0) -> 92413663 | O12: =I12*20*J12 -> 54360979 | P12: =ROUND(O12,0) -> 54360979 | Q12: =I12*26*J12 -> 70669272 | R12: =ROUND(Q12,0) -> 70669272 | S12: =L12+N12+P12+R12 -> 326165871
B13: TOTALES | E13: =SUM(E6:E12) -> 3430000 | F13: =SUM(F6:F12) -> 3302034 | G13: =SUM(G6:G12) -> 3302034.5 | H13: =SUM(H6:H12) -> 3297338 | I13: =SUM(I6:I12) -> 3332851.6 | K13: =SUM(K6:K12) -> 5.9991329e+08 | L13: =SUM(L6:L12) -> 599913295 | M13: =SUM(M6:M12) -> 5.099263e+08 | N13: =SUM(N6:N12) -> 509926300 | O13: =SUM(O6:O12) -> 2.9995665e+08 | P13: =SUM(P6:P12) -> 299956649 | Q13: =SUM(Q6:Q12) -> 3.8994364e+08 | R13: =SUM(R6:R12) -> 389943641 | S13: =SUM(S6:S12) -> 1799739885
B14: * | C14: El valor promedio por dia de un adulto mayor queda en $111,095,06 y el mes en $3,332,852.
B15: * | C15: El Distrito cuenta con un presupuesto de $1.499.992,398 para respaldar el 80% del valor del Convenio.
B16: * | C16: Se proyecta la atención de 120 adultos durante 4,5 meses.
B20: DAVID E. TAPIA NARVAEZ
B21: Asesor Financiero Externo.
B22: 25 enero de 2024

Sheet Hoja1 (2)
B1: SECRETARIA DE PARTICIPACION Y DESARROLLO SOCIAL ESTUDIO DE MERCADO
B3: OBJETO: “AUNAR ESFUERZOS TÉCNICOS, ADMINISTRATIVOS Y FINANCIEROS PARA GENERAR ASISTENCIA INTEGRAL A LOS ADULTOS MAYORES EN CONDICIÓN DE VULNERABILIDAD DEL DISTRITO DE CARTAGENA, EN EL MARCO DEL PROYECTO DE INVERSIÓN DENOMINADO "APOYO PARA LA ATENCIÓN INTEGRAL AL ADULTO MAYOR EN ESTADO DE ABANDONO MALTRATO Y SITUACIÓN DE CALLE EN EL DISTRITO DE CARTAGENA DE INDIAS", DE LA SECRETARIA DE PARTICIPACIÓN Y DESARROLLO SOCIAL”.
B4: ITEMS | C4: DESCRIPCIÓN | D4: TIEMPO MESES | E4: HOGAR SAN PEDRO CLAVER | F4: FUND. DONES DE MISERICORDIA. | G4: REFUGIO LA MILAGROSA | H4: FUNDACIÓN MIL AÑOS DORADOS | I4: PROMEDIO MENSUAL | J4: TIEMPO MESES | K4: HOGAR SAN PEDRO CLAVER | L4: FUND. DONES DE MISERICORDIA. | M4: REFUGIO LA MILAGROSA | N4: FUNDACIÓN MIS AÑOS DORADOS | O4: VALORES TOTALES
E5: VALOR UNITARIO | F5: VALOR UNITARIO | G5: VALOR UNITARIO | H5: VALOR UNITARIO | I5: VALOR UNITARIO | K5: GRUPO 1 = 40 CUPOS | L5: GRUPO 2 = 34 CUPOS | M5: GRUPO 3 = 20 CUPOS | N5: GRUPO 4 = 26 CUPOS
B6: 1 | C6: ALOJAMIENTO | D6: 1 | E6: 105000 | F6: 66041 | G6: 188876.38 | H6: 103979 | I6: =AVERAGE(E6,F6,G6,H6) -> 115974.1 | J6: 4.5 | K6: =I6*40*J6 -> 20875337 | L6: =I6*34*J6 -> 17744037 | M6: =I6*20*J6 -> 10437669 | N6: =I6*26*J6 -> 13568969 | O6: =K6+L6+M6+N6 -> 62626011
B7: 2 | C7: RECURSOS HUMANOS | D7: 1 | E7: 1660000 | F7: 2179342 | G7: 2179342.8 | H7: 1615332 | I7: =AVERAGE(E7,F7,G7,H7) -> 1908504.2 | J7: 4.5 | K7: =I7*40*J7 -> 3.4353076e+08 | L7: =I7*34*J7 -> 2.9200114e+08 | M7: =I7*20*J7 -> 1.7176538e+08 | N7: =I7*26*J7 -> 2.2329499e+08 | O7: =K7+L7+M7+N7 -> 1.0305923e+09
B8: 3 | C8: ELEMENTOS DE ASEO PERSONAL | D8: 1 | E8: 55000 | F8: 66041 | G8: 25095.46 | H8: 53057 | I8: =AVERAGE(E8,F8,G8,H8) -> 49798.365 | J8: 4.5 | K8: =I8*40*J8 -> 8963705.7 | L8: =I8*34*J8 -> 7619149.8 | M8: =I8*20*J8 -> 4481852.8 | N8: =I8*26*J8 -> 5826408.7 | O8: =K8+L8+M8+N8 -> 26891117
B9: 4 | C9: ALIMENTACIÓN | D9: 1 | E9: 600000 | F9: 660407 | G9: 429264.49 | H9: 570413 | I9: =AVERAGE(E9,F9,G9,H9) -> 565021.12 | J9: 4.5 | K9: =I9*40*J9 -> 1.017038e+08 | L9: =I9*34*J9 -> 86448232 | M9: =I9*20*J9 -> 50851901 | N9: =I9*26*J9 -> 66107471 | O9: =K9+L9+M9+N9 -> 3.0511141e+08
B10: 5 | C10: VESTIARIO Y CALZADO | D10: 1 | E10: 40000 | F10: 39624 | G10: 35001.57 | H10: 38469 | I10: =AVERAGE(E10,F10,G10,H10) -> 38273.643 | J10: 4.5 | K10: =I10*40*J10 -> 6889255.7 | L10: =I10*34*J10 -> 5855867.3 | M10: =I10*20*J10 -> 3444627.8 | N10: =I10*26*J10 -> 4478016.2 | O10: =K10+L10+M10+N10 -> 20667767
B11: 6 | C11: TRANSPORTE ADULTOS MAYOR. | D11: 1 | E11: 70000 | F11: 59437 | G11: 15189.36 | H11: 60451 | I11: =AVERAGE(E11,F11,G11,H11) -> 51269.34 | J11: 4.5 | K11: =I11*40*J11 -> 9228481.2 | L11: =I11*34*J11 -> 7844209 | M11: =I11*20*J11 -> 4614240.6 | N11: =I11*26*J11 -> 5998512.8 | O11: =K11+L11+M11+N11 -> 27685444
B12: 7 | C12: GASTOS DE ADMINISTRACIÓN | D12: 1 | E12: 900000 | F12: 231142 | G12: 429264.49 | H12: 855637 | I12: =AVERAGE(E12,F12,G12,H12) -> 604010.87 | J12: 4.5 | K12: =I12*40*J12 -> 1.0872196e+08 | L12: =I12*34*J12 -> 92413663 | M12: =I12*20*J12 -> 54360979 | N12: =I12*26*J12 -> 70669272 | O12: =K12+L12+M12+N12 -> 3.2616587e+08
B13: TOTALES | E13: =SUM(E6:E12) -> 3430000 | F13: =SUM(F6:F12) -> 3302034 | G13: =SUM(G6:G12) -> 3302034.5 | H13: =SUM(H6:H12) -> 3297338 | I13: =SUM(I6:I12) -> 3332851.6 | K13: =SUM(K6:K12) -> 5.9991329e+08 | L13: =SUM(L6:L12) -> 5.099263e+08 | M13: =SUM(M6:M12) -> 2.9995665e+08 | N13: =SUM(N6:N12) -> 3.8994364e+08 | O13: =SUM(O6:O12) -> 1.7997399e+09
B14: * | C14: El valor promedio por dia de un adulto mayor queda en $111,095,05 y el mes en $3,332,852.
B15: * | C15: Se proyecta la atención de 120 adultos durante 4,5 meses.
H18: H18:H21G18:H21
B20: DAVID E. TAPIA NARVAEZ
B21: Asesor Financiero Externo.
B22: 25 enero de 2024
